 Dungeon Crawl Stone Soup version 0.32-a0-732-ga344392067 (webtiles) character file.

Game seed: 14185090810080553433

483 gimp the Ducker (level 7, -6/55 HPs)
             Began as a Coglin Wanderer on Mar 16, 2024.
             Mangled by Pikel
             ... wielding a +1 whip of flaming
              (7 damage)
             ... on level 5 of the Dungeon.
             The game lasted 00:05:30 (3983 turns).

gimp the Ducker (Coglin Wanderer)                   Turns: 3983, Time: 00:05:30

Health: -6/55      AC:  5    Str: 11    XL:     7   Next: 12%
Magic:  8/8        EV: 13    Int:  9    God:
Gold:   118        SH:  0    Dex: 19    Spells: 8/8 levels left

rFire   . . .        e - +0 sling {Thabo}
rCold   . . .        l - +0 sling {Akhenaten}
rNeg    . . .        d - +0 leather armour
rPois   .            (no helmet)
rElec   .            (no cloak)
rCorr   .            b - +1 pair of gloves
SInv    .            (no boots)
Will    .....        (amulet unavailable)
Stlth   +            (ring unavailable)
HPRegen 0.29/turn    (ring unavailable)
MPRegen 0.11/turn    (no gizmo)

%: no passive effects
@: revved
A: off-hand wielding, slow wielding, warmup strikes, no jewellery
a: Invent Gizmo


You were on level 5 of the Dungeon.
You visited 1 branch of the dungeon, and saw 5 of its levels.

You collected 168 gold pieces.
You spent 50 gold pieces at shops.

Inventory:

Hand Weapons
 e - a +0 sling (weapon) {Thabo}
 l - a +0 sling (offhand) {Akhenaten}
Armour
 b - a +1 pair of gloves (worn)
 d - a +0 leather armour (worn)
Scrolls
 f - a scroll of identify
 i - 2 scrolls of enchant weapon


   Skills:
 + Level 4.9 Fighting
 - Level 2.6 Staves
 - Level 1.0 Throwing
 + Level 4.9 Dodging
 - Level 1.0 Spellcasting
 - Level 2.0 Necromancy
 - Level 1.0 Invocations


You had 8 spell levels left.
You didn't know any spells.
Your spell library contained the following spells:

 Spells                   Type           Power      Damage    Failure   Level
 Sublimation of Blood     Necr           4%         N/A       32%         2
 Cigotuvi's Dreadful Rot  Necr/Alch/Air  2%         N/A       50%         2
 Frozen Ramparts          Ice            0%         1d1       82%         3
 Ozocubu's Armour         Ice            0%         N/A       82%         3
 Petrify                  Alch/Erth      0%         N/A       99%         4
 Irradiate                Conj/Alch      0%         3d11      100%        5
 Metabolic Englaciation   Hex/Ice        0%         N/A       100%        5


Dungeon Overview and Level Annotations

Branches:
Dungeon (5/15)
 Temple: D:4-7

Altars:

Shops:
D:1 *

Annotations:
D:1 1 transporter
D:4 Duvessa
D:5 Pikel


Innate Abilities, Weirdness & Mutations

You can wield a second weapon in your off-hand.
It takes a long time for you to wield or remove held weapons.
Your first few attacks do less damage.
You cannot equip rings or amulets.


Message History

You shoot a sling bullet. The sling bullet hits Pikel.
Pikel is heavily wounded.
Pikel barely misses you. Pikel closely misses you.
You shoot a sling bullet.
The sling bullet hits Pikel but does no damage.
Pikel is heavily wounded.
You shoot a sling bullet.
The sling bullet hits Pikel but does no damage.
Pikel is heavily wounded.
You hear a shout!
Pikel hits you with a +1 whip of flaming.
Pikel burns you.
You take 2 damage, and have 36/55 hp.
You shoot a sling bullet.
The sling bullet hits Pikel but does no damage.
Pikel is heavily wounded.
You shoot a sling bullet. The sling bullet barely misses Pikel.
The sling bullet barely misses the lemure. x2
Pikel hits you with a +1 whip of flaming.
Pikel burns you.
An orc comes into view. It is wielding a +0 falchion.
Pikel misses you.
The orc moves out of view.
You take 9 damage, and have 27/55 hp.
You are too injured to fight recklessly!
You are too injured to fight recklessly!
You shoot a sling bullet. The sling bullet closely misses Pikel.
The sling bullet barely misses the lemure.
The sling bullet hits the lemure.
The lemure is lightly wounded.
You shoot a sling bullet. The sling bullet closely misses Pikel.
The sling bullet barely misses the lemure. x2
Pikel misses you.
You shoot a sling bullet. The sling bullet closely misses Pikel.
The sling bullet hits the lemure!
The lemure is severely wounded.
You shoot a sling bullet. The sling bullet barely misses Pikel.
The sling bullet hits the lemure.
The lemure is almost dead.
Pikel barely misses you.
Pikel says, "You'll make a fine lemure."
Pikel hits you with a +1 whip of flaming!
Pikel burns you.
* * * LOW HITPOINT WARNING * * *
You take 11 damage, and have 16/55 hp.
You shoot a sling bullet. The sling bullet hits Pikel.
Pikel is heavily wounded.
You shoot a sling bullet. The sling bullet hits Pikel.
Pikel is severely wounded.
Pikel cracks his whip.
Pikel barely misses you.
You shoot a sling bullet. The sling bullet hits Pikel.
Pikel is severely wounded.
You shoot a sling bullet. The sling bullet closely misses Pikel.
The sling bullet closely misses the lemure.
The sling bullet hits the lemure!
The lemure is moderately wounded.
Pikel barely misses you.
You shoot a sling bullet. The sling bullet closely misses Pikel.
The sling bullet closely misses the lemure.
The sling bullet hits the lemure but does no damage.
The lemure is moderately wounded.
You shoot a sling bullet. The sling bullet barely misses Pikel.
The sling bullet barely misses the lemure.
The sling bullet closely misses the lemure.
Pikel completely misses you.
Pikel hits you with a +1 whip of flaming.
* * * LOW HITPOINT WARNING * * *
Pikel burns you.
* * * LOW HITPOINT WARNING * * *
You take 5 damage, and have 12/55 hp.
You shoot a sling bullet. The sling bullet closely misses Pikel.
The sling bullet closely misses the lemure. x2
You shoot a sling bullet. The sling bullet hits Pikel.
Pikel is severely wounded.
Pikel hits you with a +1 whip of flaming!
* * * LOW HITPOINT WARNING * * *
Pikel burns you.
* * * LOW HITPOINT WARNING * * *
You take 8 damage, and have 4/55 hp.
You shoot a sling bullet. The sling bullet hits Pikel.
Pikel is severely wounded.
You shoot a sling bullet.
The sling bullet hits Pikel but does no damage.
Pikel is severely wounded.
Pikel hits you but does no damage.
Pikel hits you with a +1 whip of flaming.
* * * LOW HITPOINT WARNING * * *
Pikel burns you.
* * * LOW HITPOINT WARNING * * *
You take 3 damage, and have 1/55 hp.
You shoot a sling bullet. The sling bullet closely misses Pikel.
The sling bullet hits the lemure.
You kill the lemure!
That felt strangely unrewarding.
You shoot a sling bullet. The sling bullet closely misses Pikel.
The sling bullet hits the lemure but does no damage.
The lemure is moderately wounded.
Pikel hits you with a +1 whip of flaming!
You die...
Pikel says, "See you in Hell!"

# # ##. .##
#.♣#####♣.#
#.##...##.#
#.#.♣.♣.#.###
#....<..#.o.######...
#.#.♣.♣.#5#..5....$..
#.##)..##K#...K..#...
#.♣#####♣@########
##†......## #########


You could see Pikel, a lemure and an orc.

Vanquished Creatures
  A black bear (D:4)
  An ogre (D:4)
  3 lemures (D:5)
  A jelly (D:5)
  2 orc priests
  2 orc wizards (D:3)
  5 gnolls
  3 adders
  A ribbon worm (D:2)
  9 orcs
  9 endoplasms
  3 giant cockroaches
  10 goblins
  4 hobgoblins
  4 jackals
  2 quokkas (D:4)
  6 ball pythons
  8 bats
  A frilled lizard (D:1)
  8 kobolds
  3 rats
86 creatures vanquished.

Notes
Turn   | Place    | Note
-------+----------+-------------------------------------------
     0 | D:1      | gimp the Coglin Wanderer began the quest for the Orb.
     0 | D:1      | gimp set off with the following items: a +2 quarterstaff
                  | {Yan}, a +0 pair of gloves, a potion of curing, a +0
                  | leather armour; and the following spells available to
                  | memorise: Sublimation of Blood, Cigotuvi's Dreadful Rot.
     0 | D:1      | Reached XP level 1. HP: 13/13 MP: 2/2
    90 | D:1      | Reached skill level 1 in Fighting
    90 | D:1      | Reached XP level 2. HP: 12/21 MP: 3/3
   276 | D:1      | Found a faded altar of an unknown god.
   389 | D:1      | Reached XP level 3. HP: 22/26 MP: 4/4
   479 | D:1      | Found Ciass's Assorted Antiques.
   482 | D:1      | Bought a scroll labelled KUKAIQ KEUWNU for 25 gold pieces
   482 | D:1      | Bought a scroll labelled QENUHA QESYX for 25 gold pieces
  1301 | D:2      | Reached XP level 4. HP: 33/33 MP: 5/5
  1683 | D:3      | Reached XP level 5. HP: 39/41 MP: 6/6
  2295 | D:4      | Noticed an ogre
  2418 | D:3      | HP: 1/41 [something/magic dart (4)]
  2892 | D:4      | Reached XP level 6. HP: 6/48 MP: 7/7
  3055 | D:4      | Noticed Duvessa
  3511 | D:4      | Noticed a black bear
  3524 | D:4      | Killed a black bear
  3525 | D:4      | Reached XP level 7. HP: 25/55 MP: 8/8
  3798 | D:5      | Entered Level 5 of the Dungeon
  3948 | D:5      | Noticed Pikel
  3982 | D:5      | HP: 2/55 [Pikel/+1 whip of flaming (3)]
  3983 | D:5      | Mangled by Pikel

Illustrated notes

Levels and vault maps discovered:
D:1:      spicycebolla_arrival_risky_transporter, layout_rooms,
          hellmonk_ecumenical_altar_zigzags, serial_shops,
          nicolae_shop_real_fake_doors, minmay_unequal
D:2:      layout_loops_ring, cheibrodos_gnoll_hut
D:3:      layout_basic
D:4:      layout_loops_ring, kennysheep_nub, uniq_duvessa
D:5:      layout_rooms, nicolae_wooded_promenade, grunt_ministairs_11,
          hangedman_glass_teeth, nicolae_tricolors, uniq_pikel,
          uniq_crazy_yiuf_cottage

Skill      XL: |  1  2  3  4  5  6 |
---------------+-------------------+-----
Dodging        | 2 3 4 |  4.9
Fighting       | 1 2 3 4 |  4.9
Staves         | |  2.6
Throwing       | |  1.0
Spellcasting   | |  1.0
Necromancy     | |  2.0
Invocations    | |  1.0

Action                     |  1- 3 |  4- 6 |  7- 9 || total
---------------------------+-------+-------+-------++-------
  Melee: Quarterstaff      |    62 |       |       ||    62
         Sling             |       |    22 |       ||    22
   Fire: Sling             |    72 |   288 |    92 ||   452
    Use: Potion            |       |     7 |       ||     7
         Scroll            |       |     6 |       ||     6
 Armour: Leather armour    |    56 |   117 |    25 ||   198
  Dodge: Dodged            |    58 |    83 |    28 ||   169

Table legend: (Time is in decaauts)
 A = Elapsed time spent in this place.
 B = Non-inter-level travel time spent in this place.
 C = Inter-level travel time spent in this place.
 D = Time resting spent in this place.
 E = Time spent auto-exploring this place.
 F = Levels seen in this place.
 G = Mean time per level.
                   A        B        C        D        E       F      G
               +--------+--------+--------+--------+--------+-----+--------+
         Total |   4103 |   3938 |    165 |      0 |   3149 |   5 |  820.6 |
       Dungeon |   4103 |   3938 |    165 |      0 |   3149 |   5 |  820.6 |
               +--------+--------+--------+--------+--------+-----+--------+

Top non-repeatable levels by time:
     D:3: 1743 daAuts
     D:2: 853 daAuts
     D:4: 676 daAuts
     D:1: 627 daAuts
     D:5: 201 daAuts
